Unix NetHack Version 5.0.0-0 post-release - last build Jul 19 2026 19:10:59 (3aa4ab31751d3886436d94b585a96704892fd477,branch:main).

Game began 2026-07-20 14:54:55, ended 2026-07-23 14:29:32.

Jandor, neutral male human Wizard

                       ----
       ---             |..--                       ---------
       |.----     ------...|            ----      --.......---------     -----
      --....--   --..--...<|     -------|..--    --..|..--.......|.---   |...|
     --......--- |........--     |..--.--...|   --..-----------......|   |...--
     |.........---........|  -----.>.......-   --..--        |.......-----....|
     |....................----.............|   |..-----    | |.|...........|.--
     |...................).................--  |)--)..-- ..| ------.....------
     |.|.-.%--.|.|.---...........)..........|---...........|      |.u.....--
     |.|-...|------  --.........---.----....--.............|      |..*.....|
     |.|-..--  ----   ----....--- ---  |.........---..|.| .-      ---).....|
     |.|...-----..--     |....|  --------........| ------ -         |.....--
     |......|......|     --...- --....--|........|                  --....|
   ----.--....----.--     |.... |......---.......|                   |...`--
   |..[.|......| |..|     --...||.......|.....--.|                  --.....--
  --...-|.....-- |-.| ---  |..----...--....-------                  |@f.....|
  |..-----..------..---.------- --...|---..|                        |fd....--
  |..|   --.-- |.....e....-------..---  ----                        --.--.--
  ----    |..| |....---....^......--                                 --- --
          |..| ---.-- --.----------
          ----   ---   ---
Jandor the Magician       St:25 Dx:16 Co:18 In:18 Wi:11 Ch:8  Neutral
Dlvl:3  $:0  HP:0(70) Pw:88(88) AC:4  Xp:10 T:14401  Burdened Blind Deaf

Latest messages:
 The white unicorn misses the housecat.
 There is a rothe corpse here; eat it? [ynq] (n) y
 This rothe corpse tastes okay.
 You stop eating the rothe corpse.
 There is a partly eaten rothe corpse here; eat it? [ynq] (n) y
 You resume your meal.
 You stop eating the rothe corpse.
 There is a partly eaten rothe corpse here; eat it? [ynq] (n) y
 You resume your meal.
 You stop eating the rothe corpse.
 There is a partly eaten rothe corpse here; eat it? [ynq] (n) y
 You resume your meal.
 You finish eating the rothe corpse.
 What do you want to eat? [acuL or ?*] y
 You cannot eat that!
 You swap places with your housecat.
 Really step onto that magic trap? [yn] (n) y
 There is a magic trap here.
 You see here a blindfold.
 You are momentarily blinded by a flash of light!
 You hear a deafening roar!
 A housecat suddenly appears next to you!
 A centipede suddenly appears next to you!
 A jackal suddenly appears next to you!
 The jackal misses!
 The housecat bites!
 You have a little trouble lifting N - a blindfold.
 The jackal bites!
 The centipede misses!
 The housecat bites!
 The housecat bites!
 The magic-absorbing blade scares the centipede!
 You kill the centipede!
 The jackal bites!
 The housecat bites!
 The magic-absorbing blade probes the housecat!
 The probe is insightful.
 Status of the housecat (neutral, small):  Level 4  HP 26(26)  AC 5.
 The housecat is not carrying anything.
 The jackal bites!
 The housecat bites!
 The jackal bites!
 The housecat bites!
 The housecat bites!
 You die...
 Do you want your possessions identified? [ynq] (y) y
 Do you want to see your attributes? [ynq] (y) y
 Do you want an account of creatures vanquished? [ynaq] (y) y
 Do you want to see your conduct and achievements? [ynq] (y) n
 Do you want to see the dungeon overview? [ynq] (y) n

Inventory:
 Amulets  ('"')
  q - an uncursed amulet of flying
  A - an uncursed amulet of reflection (being worn)
 Weapons  (')')
  w - 2 +0 daggers
  g - a fireproof +0 elven dagger
  k - the rustproof +0 Magicbane (weapon in left hand)
 Armor    ('[')
  Z - an uncursed very rusty +0 pair of gauntlets of power (being worn)
  x - a cursed +0 pair of elven boots
  y - an uncursed +0 elven shield
  b - an uncursed burnt +0 cloak of magic resistance (being worn)
  W - an uncursed +0 dwarvish mithril-coat (being worn)
 Comestibles  ('%')
  c - an uncursed eucalyptus leaf
  u - 5 uncursed food rations
  a - an uncursed tripe ration
  L - an uncursed lizard corpse
 Scrolls  ('?')
  e - an uncursed scroll of enchant armor
  h - a cursed scroll of enchant armor
  v - a blessed scroll of magic mapping
  G - an uncursed scroll of teleportation
 Potions  ('!')
  M - an uncursed potion of levitation
  r - a cursed potion of levitation
  f - an uncursed potion of monster detection
  V - an uncursed potion of object detection
  B - an uncursed potion of oil
  J - an uncursed potion of water
  I - a potion of unholy water
 Rings    ('=')
  d - an uncursed ring of conflict
  o - a blessed +1 ring of gain constitution
  S - a cursed ring of invisibility named Cursed
  s - an uncursed ring of slow digestion
  E - an uncursed ring of slow digestion
 Wands    ('/')
  p - a wand of create monster (0:15)
  P - a wand of digging (0:5)
  t - a wand of locking (0:7)
  R - a wand of magic missile (0:0)
  K - a wand of secret door detection (0:14)
  D - a wand of teleportation (0:8)
  l - a wand of teleportation (0:5)
 Tools    ('(')
  n - an uncursed sack containing 20 items
  F - an empty uncursed sack
  Q - a frost horn (0:3)
  N - a cursed blindfold
  i - an uncursed magic whistle
  X - an uncursed mirror
  H - an uncursed skeleton key
  j - an uncursed stethoscope
  m - a +0 unicorn horn
  z - a +0 unicorn horn
 Gems/Stones  ('*')
  C - an uncursed opal

Contents of the sack:
  3045 gold pieces
  an uncursed scroll of create monster
  3 uncursed scrolls of earth
  2 uncursed scrolls of enchant armor
  a blessed scroll of identify
  3 uncursed scrolls of light
  an uncursed scroll of remove curse
  an uncursed potion of confusion
  an uncursed potion of gain energy
  a blessed potion of healing
  a cursed potion of levitation
  an uncursed potion of monster detection
  a blessed potion of object detection
  5 uncursed potions of object detection
  an uncursed potion of sleeping
  a wand of create monster (0:12)
  an uncursed magic whistle
  a +0 pick-axe
  an uncursed amethyst stone
  an uncursed worthless piece of white glass

Jandor the Wizard's attributes:

Background:
 You were a Magician, a level 10 male human Wizard.
 You were neutral, on a mission for Thoth
 who was opposed by Ptah (lawful) and Anhur (chaotic).
 You were left-handed.
 You were in the Gnomish Mines, on level 3.
 You entered the dungeon 14401 turns ago.
 You had 5226 experience points, 4774 more were needed to attain level 11.

Basics:
 You had 0 out of 70 hit points.
 You had all 88 energy points (spell power).
 Your armor class was 4.
 Your wallet was empty, but
 you had 3045 zorkmids stashed away in your pack.
 Autopickup was off.

Final Characteristics:
 Your strength was 25 (base:15, innate limit:18/100).
 Your dexterity was 16 (limit:18).
 Your constitution was 18 (limit:18).
 Your intelligence was 18 (limit:18).
 Your wisdom was 11 (limit:18).
 Your charisma was 8 (limit:18).

Final Status:
 You were temporarily blind.
 You were deaf.
 You weren't hungry.
 You were burdened; movement was slightly slowed.
 You were wielding a dagger.
 You had basic skill with dagger and could have enhanced that.

Final Attributes:
 You were piously aligned.
 You were magic-protected.
 You were poison resistant.
 You were telepathic.
 You were guarded.
 Your spell casting was impaired by metallic armor.
 You had reflection.
 You are dead.

Miscellaneous:
 You didn't encounter any bones levels.
 Total elapsed playing time was 8 hours, 9 minutes and 59 seconds.

Major events:
 Turn
    1: Jandor the neutral male human Wizard entered the dungeon
  578: attained the rank of Conjurer (level 3)
 1404: entered the Gnomish Mines
 1869: read a Discworld novel
 3388: attained the rank of Thaumaturge (level 6)
 5530: reached Mine Town
 6496: was bestowed with Magicbane by Thoth
 8838: entered Sokoban
 9815: completed 1st Sokoban level
10323: completed 2nd Sokoban level
10988: completed 3rd Sokoban level
12914: completed 4th Sokoban level
12952: attained the rank of Magician (level 10)
13074: acquired the Sokoban amulet of reflection
14401: killed by a housecat

Spells:
 Name                 Level Category     Fail Retention
 force bolt             1   attack        94%   26%-30%
 magic missile          2   attack        58%   26%-30%
 light                  1   divination    94%   31%-40%
 detect treasure        4   divination   100%   41%-50%
 create monster         2   clerical      98%   51%-75%

Skills:
 Fighting Skills
   bare handed combat [Unskilled]
   riding             [Unskilled]
 Weapon Skills
   dagger             [Basic]
   knife              [Unskilled]
   axe                [Unskilled]
   short sword        [Unskilled]
   club               [Unskilled]
   mace               [Unskilled]
   quarterstaff       [Basic]
   polearms           [Unskilled]
   spear              [Unskilled]
   trident            [Unskilled]
   sling              [Unskilled]
   dart               [Unskilled]
   shuriken           [Unskilled]
 Spellcasting Skills
   attack spells      [Skilled]
   healing spells     [Unskilled]
   divination spells  [Basic]
   enchantment spells [Basic]
   clerical spells    [Unskilled]
   escape spells      [Unskilled]
   matter spells      [Unskilled]

Voluntary challenges:
 Character rerolling was not enabled.
 You never genocided any monsters.
 You never polymorphed an object.
 You never changed form.
 You used no wishes.
 You did not violate any of the special Sokoban rules.
Achievements:
 You attained the rank of Conjurer.
 You entered a shop.
 You entered the Gnomish Mines.
 You read from a Discworld novel.
 You attained the rank of Thaumaturge.
 You entered Minetown.
 You entered a temple.
 You entered Sokoban.
 You attained the rank of Magician.
 You completed Sokoban.

 The Dungeons of Doom: levels 1 to 7
    Level 1:
       Many fountains.
    Level 2:
       A general store, a sink.
       Stairs down to The Gnomish Mines.
    Level 3:
       A scroll shop, a fountain, a sink.
    Level 4:
       A weapon shop.
    Level 5:
       Many fountains.
    Level 6:
       A sink.
       Stairs up to Sokoban, level 5.
    Level 7:
       A fountain.
 The Gnomish Mines: levels 3 to 6
    Level 3: <- You were here.
       Final resting place for
          you, killed by a housecat.
    Level 4:
    Level 5:
       Many shops, a temple and an altar to Thoth, some fountains.
    Level 6:
 Sokoban: levels 5 up to 2
    Level 2:
       Solved.
    Level 3:
       Solved.
    Level 4:
       Solved.
    Level 5:
       Solved.


Vanquished creatures:
  a ghost
  a mind flayer
  3 giant mimics
  a stalker
  4 small mimics
  a quantum mechanic
  a troll
  a gelatinous cube
  a pyrolisk
  a flaming sphere
  a tengu
  2 ochre jellies
 an energy vortex
  a human mummy
  a carnivorous ape
  a Grey-elf
  a watchman
 an amorous demon
  2 chameleons
  2 giant beetles
  2 quivering blobs
  a wolf
  a winter wolf cub
  2 gremlins
  a spotted jelly
  a leprechaun
  2 orc-captains
  a giant spider
  a scorpion
  3 black lights
  a vampire bat
  2 orc mummies
  2 ogres
  a rust monster
  2 yetis
  a werewolf
  4 lizards
  a chickatrice
  a dingo
  a jaguar
  3 blue jellies
  a white unicorn
  a black unicorn
  a dust vortex
  2 ravens
  a gnome mummy
  a snake
  4 apes
  4 human zombies
  2 fire ants
  2 bugbears
  5 wood nymphs
  4 mountain nymphs
 11 Mordor orcs
 20 Uruk-hai
  4 rock piercers
  3 rock moles
  a pony
  a fog cloud
  a yellow light
  a violet fungus
  7 gnome leaders
  4 gnomish wizards
  a kobold mummy
  3 gray oozes
 10 elf zombies
  a giant ant
  a little dog
  7 floating eyes
 13 dwarves
  3 homunculi
  3 kobold leaders
  2 kobold shamans
  a hill orc
 11 rothes
  a rabid rat
  2 centipedes
  5 giant bats
  a monkey
  4 orc zombies
  a dwarf zombie
  2 wererats
  2 werejackals
  6 iguanas
  3 killer bees
  4 acid blobs
  2 coyotes
  a gas spore
  4 hobbits
  9 manes
  a large kobold
  2 hobgoblins
  8 giant rats
  5 cave spiders
  a brown mold
  2 yellow molds
  a green mold
  2 red molds
 33 gnomes
  6 garter snakes
  2 gnome zombies
  9 geckos
  5 jackals
 10 foxes
  3 kobolds
  6 goblins
  6 sewer rats
  5 grid bugs
  a bat
 10 lichens
  4 kobold zombies
  7 newts
375 creatures vanquished.

No species were genocided or became extinct.

Game over:
                       ----------
                      /          \
                     /    REST    \
                    /      IN      \
                   /     PEACE      \
                  /                  \
                  |      Jandor      |
                  |     3045 Au      |
                  |   killed by a    |
                  |     housecat     |
                  |                  |
                  |                  |
                  |       2026       |
                 *|     *  *  *      | *
        _________)/\\_//(\/(/\)/\//\/|_)_______

Goodbye Jandor the Wizard...

You died in The Gnomish Mines on dungeon level 3 with 27271 points,
and 3045 pieces of gold, after 14401 moves.
You were level 10 with a maximum of 70 hit points when you died.

